 Dungeon Crawl Stone Soup version 0.24-a0-415-g6d73c25c48 (webtiles) character file.

Game seed: 15420522948664316698

1272 PentaManta the Blocker (level 8, -20/69 HPs)
             Began as a Gargoyle Fighter on June 8, 2019.
             Killed from afar by an orc warrior (32 damage)
             ... with an exploding inner flame
             ... hexed by the player character
             ... on level 6 of the Dungeon.
             The game lasted 00:08:49 (4585 turns).

PentaManta the Blocker (Gargoyle Fighter)           Turns: 4585, Time: 00:08:50

Health: -20/69     AC: 24    Str: 19 (21) XL:     8   Next: 53%
Magic:  8/8        EV:  2    Int:  8 (10) God:
Gold:   166        SH: 10    Dex:  6 (9)  Spells: 7/7 levels left

rFire    . . .     SeeInvis .   j - +1 hand axe (chop)
rCold    . . .     Gourm    .   c - +0 shield
rNeg     + + +     Faith    .   (armour currently unavailable)
rPois    ∞         Spirit   .   (helmet currently unavailable)
rElec    .         Reflect  .   (cloak currently unavailable)
rCorr    .         Harm     .   (gloves currently unavailable)
MR       .....     NoTele   +   (boots currently unavailable)
Stlth    +.........             (no amulet)
HPRegen  0.21/turn              (no ring)
MPRegen  0.11/turn              (no ring)

@: tree-form
A: negative energy resistance 1, petrification resistance, rot immunity, AC +5
a: no special abilities


You were on level 6 of the Dungeon.
You were not hungry.
You were a tree.
You visited 1 branch of the dungeon, and saw 6 of its levels.

You collected 166 gold pieces.

Inventory:

Hand Weapons
 a - a +0 war axe
 j - a +1 hand axe of chopping (weapon)
Armour
 b - a +0 scale mail (melded)
 c - a +0 shield (worn)
 m - a +0 helmet (melded)
Wands
 k - a wand of disintegration (20)
Scrolls
 e - 6 scrolls of identify
 g - a scroll of enchant weapon
 i - a scroll of immolation
 p - 3 scrolls of remove curse
 r - a scroll of noise {unknown}
 s - a scroll of random uselessness {unknown}
 y - a scroll of brand weapon {unknown}
Potions
 d - a potion of heal wounds {unknown}
 n - 2 potions of resistance {unknown}
 o - 2 potions of brilliance {unknown}
 q - a potion of haste {unknown}
 t - a potion of invisibility {unknown}
 w - a potion of degeneration
 x - a potion of ambrosia {unknown}
Comestibles
 f - 12 rations


   Skills:
 - Level 3.2 Fighting
 + Level 6.7 Axes
 - Level 3.2 Armour
 + Level 8.5 Shields


You had 7 spell levels left.
You didn't know any spells.
Your spell library contained the following spells:

 Spells                   Type           Power        Failure   Level  Hunger
 Confusing Touch          Hex            #.....       69%         1    ##.....
 Confuse                  Hex            #.......     96%         3    ####...
 Gell's Gravitas          Tloc           #.........   96%         3    ####...
 Petrify                  Tmut/Erth      #.......     100%        4    #####..
 Metabolic Englaciation   Hex/Ice        #.........   100%        5    ######.
 Yara's Violent Unravell  Hex/Tmut       #.........   100%        5    ######.


Dungeon Overview and Level Annotations

Branches:
Dungeon (6/15)
 Temple: D:4-7

Altars:
Cheibriados
Qazlal


Innate Abilities, Weirdness & Mutations

You are resistant to torment.
((Your stone body is resilient. (AC +5)))
You are immune to poison.
You resist negative energy. (rN+)
((You are resistant to electric shocks. (rElec)))
((You can survive without breathing.))
You are immune to petrification.
You are immune to rotting.


Message History

The orc priest hits you but does no damage.
The orc warrior hits you but does no damage.
You closely miss the orc priest.
The orc priest is severely wounded.
You hit the orc warrior but do no damage.
You completely miss the wyvern zombie. The wyvern zombie bites you.
The orc priest calls down the wrath of Beogh upon you.
Beogh smites you!
* * * LOW HITPOINT WARNING * * *
You block the wyvern zombie's attack.
The orc warrior hits you but does no damage.
You hit the orc priest.
The orc priest explodes!
The fiery explosion engulfs you!
* * * LOW HITPOINT WARNING * * *
The fiery explosion engulfs something!
The fiery explosion engulfs the orc warrior!!
The orc warrior explodes!
The fiery explosion engulfs you!!
You die...

######
#♣Zo§#####
#§§§§...<#
#§§#...###
#..#...####
#.........#
+...>#.##.#
##.#.... #
#.#.#...
#....#...


You could see an orc (inner flame) and a wyvern zombie (inner flame).

Vanquished Creatures
  Sigmund (D:3)
  A sky beast (D:5)
  A hornet zombie (D:4)
  An ogre (D:5)
  A centaur (D:5)
  A scorpion (D:5)
  3 crimson imps (D:5)
  A howler monkey (D:5)
  A bullfrog zombie (D:5)
  A jelly (D:5)
  A gnoll shaman (D:4)
  3 orc priests
  3 iguanas
  A worker ant (D:5)
  A hound zombie (D:5)
  A hound skeleton (D:5)
  A howler monkey zombie (D:5)
  A worker ant zombie (D:4)
  Robin (D:2)
  A howler monkey skeleton (D:4)
  5 gnolls (D:4)
  6 adders
  An ooze (D:1)
  4 adder skeletons
  A worm (D:2)
  2 dart slugs (D:2)
  3 leopard geckos
  11 orcs
  A ball python (D:3)
  2 giant cockroaches (D:3)
  11 goblins
  8 hobgoblins
  4 jackals (D:3)
  2 quokkas
  7 bats
  4 frilled lizards
  2 jackal skeletons (D:4)
  3 kobolds
  A leopard gecko skeleton (D:4)
  10 rats
114 creatures vanquished.

Notes
Turn   | Place    | Note
-------+----------+-------------------------------------------
     0 | D:1      | PentaManta the Gargoyle Fighter began the quest for the
                  | Orb.
     0 | D:1      | Reached XP level 1. HP: 14/14 MP: 1/1
   127 | D:1      | Reached XP level 2. HP: 18/19 MP: 2/2
   591 | D:2      | Reached skill level 4 in Shields
   591 | D:2      | Reached XP level 3. HP: 23/23 MP: 3/3
   706 | D:2      | Noticed Robin
   731 | D:2      | Killed Robin
   731 | D:2      | Reached XP level 4. HP: 20/28 MP: 4/4
  1357 | D:2      | Found a stormy altar of Qazlal.
  1656 | D:3      | Noticed Sigmund
  1669 | D:3      | Reached skill level 5 in Shields
  1669 | D:3      | Reached XP level 5. HP: 3/32 MP: 5/5
  1685 | D:3      | Killed Sigmund
  1685 | D:3      | Reached XP level 6. HP: 3/37 MP: 6/6
  2093 | D:3      | Reached skill level 6 in Shields
  2382 | D:4      | You fall into a shaft and drop 1 floor!
  2382 | D:5      | Entered Level 5 of the Dungeon
  2444 | D:5      | Reached XP level 7. HP: 37/41 MP: 7/7
  2491 | D:5      | Reached skill level 5 in Axes
  2514 | D:4      | Reached skill level 7 in Shields
  3347 | D:5      | Reached XP level 8. HP: 30/46 MP: 8/8
  3751 | D:5      | Reached skill level 8 in Shields
  3784 | D:5      | Found a snail-covered altar of Cheibriados.
  4585 | D:6      | Killed from afar by an orc warrior

Levels and vault maps discovered:
D:1:      co_arrival_square_in_a_square_in_a_square, layout_basic
D:2:      layout_basic, overflow_temple_1_default, uniq_robin
D:3:      layout_basic, uniq_sigmund
D:4:      layout_rooms, first_ration
D:5:      layout_loops_corners, kennysheep_mini, eino_tiny_chamber
D:6:      layout_basic, chequers_temple_overflow_statue_of_worship,
          minmay_temple_entry_enclosed_plants, st_stairs_9, trog_butcher_becter,
          uniq_prince_ribbit1

Skill      XL: |  1  2  3  4  5  6  7  8 |
---------------+-------------------------+-----
Axes           | 2 3 4 6 |  6.7
Shields        | 4 5 6 7 8 |  8.5
Fighting       | |  3.2
Armour         | |  3.2

Action                   |  1- 3 |  4- 6 |  7- 9 || total
-------------------------+-------+-------+-------++-------
Melee: War axe           |    64 |       |       ||    64
       Hand axe          |    21 |    58 |   231 ||   310
       Club              |       |    80 |    26 ||   106
  Use: Potion            |       |     1 |     4 ||     5
       Scroll            |       |       |     5 ||     5
  Eat: Chunk             |       |     5 |     4 ||     9
       Ration            |       |       |     1 ||     1
Armor: Scale mail        |    37 |    52 |    91 ||   180
       Skin              |       |       |     8 ||     8
Dodge: Dodged            |    34 |    32 |    64 ||   130
Block: Shield            |    42 |    61 |   131 ||   234

Table legend:
 A = Non-vault XP
 B = Vault XP
 C = Vault XP percentage of total XP
 D = Non-vault monster count
 E = Vault monster count
 F = Vault count percentage of total count
                 A         B        C        D         E       F
            +---------+---------+-------+---------+---------+-------
      Total |    1551 |     267 |  14.7 |     105 |       9 |   7.9
            +---------+---------+-------+---------+---------+-------
        D:1 |      33 |       0 |   0.0 |      19 |       0 |   0.0
        D:2 |      70 |      29 |  29.3 |      16 |       8 |  33.3
        D:3 |     109 |     238 |  68.6 |      24 |       1 |   4.0
        D:4 |     362 |       0 |   0.0 |      19 |       0 |   0.0
        D:5 |     977 |       0 |   0.0 |      27 |       0 |   0.0
            +---------+---------+-------+---------+---------+-------
